 Dungeon Crawl Stone Soup version 0.18.1-48-g4cf74bf (webtiles) character file.

886 Gargoyl the Ducker (level 7, 0/55 HPs)
             Began as a Demonspawn Abyssal Knight on Aug 20, 2016.
             Was an Elder of Lugonu.
             Killed from afar by an orc wizard (32 damage)
             ... with an exploding inner flame
             ... hexed by the player character
             ... on level 5 of the Dungeon.
             The game lasted 00:13:44 (6102 turns).

Gargoyl the Ducker (Demonspawn Abyssal Knight)      Turns: 6102, Time: 00:13:44

Health: 0/55       AC: 11    Str: 15    XL:     7   Next: 77%
Magic:  9/9        EV: 22    Int: 13    God:    Lugonu [****..]
Gold:   189        SH:  0    Dex: 17    Spells: 0 memorised, 6 levels left

rFire  . . .     SeeInvis .     a - +2 hand axe
rCold  . . .     Gourm    .     h - +0 steam dragon armour
rNeg   . . .     Faith    .     (no shield)
rPois  .         Spirit   .     l - +0 helmet
rElec  .         Dismiss  .     y - +1 cloak
rCorr  .         Reflect  .     (no gloves)
SustAt +         Harm     .     j - +1 pair of boots
MR     .....                    (no amulet)
Stlth  +++.......               (no ring)
                                n - ring of sustain attributes

@: agile, very slightly contaminated, hasted, very quick, not resistant to
hostile enchantments, fairly stealthy
A: talons 2, repulsion field 1, rot immunity
a: Depart the Abyss, Bend Space, Banish, Corrupt, Renounce Religion


You were on level 5 of the Dungeon.
You worshipped Lugonu.
Lugonu was greatly pleased with you.
You were not hungry.

You visited 1 branch of the dungeon, and saw 5 of its levels.
You visited the Abyss 1 time.
You also visited: Sewer.

You collected 189 gold pieces.

Inventory:

Hand Weapons
 a - a +2 hand axe (weapon)
 f - a +0 spear
Missiles
 i - 5 tomahawks (quivered)
Armour
 h - a +0 steam dragon armour (worn)
 j - a +1 pair of boots (worn)
 l - a +0 helmet (worn)
 y - a +1 cloak (worn)
Jewellery
 n - a ring of sustain attributes (left hand)
Wands
 d - a wand of lightning (9/15)
 e - a wand of flame (12/48)
 k - a wand of disintegration (14/24)
Scrolls
 b - 7 scrolls of identify
 p - 2 scrolls of magic mapping
Potions
 g - a potion of brilliance
 o - 2 potions of heal wounds
 v - a potion of haste
 w - a potion of might {unknown}
 z - a potion of degeneration {unknown}
Books
 t - a book of Transfigurations

   Spells                             Type                      Level
   a - Irradiate                      Conjuration/Transmutation    5
   b - Statue Form                    Transmutation/Earth          6
   c - Hydra Form                     Transmutation                6
   d - Dragon Form                    Transmutation                7
Comestibles
 c - 3 bread rations
 m - 6 chunks of flesh
 q - a beef jerky
 s - 5 fruits


   Skills:
 + Level 4.3 Fighting
 + Level 4.0 Axes
 + Level 0.1 Throwing
 * Level 4.1 Armour
 + Level 5.0 Dodging
 + Level 0.8 Stealth
 + Level 2.9 Invocations


You had 6 spell levels left.
You didn't know any spells.

Dungeon Overview and Level Annotations

Branches:
Dungeon (5/15)
 Temple: D:4-7

Altars:
Kikubaaqudgha
Trog
Xom
Yredelemnul
Zin
The Shining One

Annotations:
D:5 Prince Ribbit


Innate Abilities, Weirdness & Mutations

You have razor-sharp toenails.
You are surrounded by a mild repulsion field (EV +2).
You are immune to rotting.


Message History

Drink which item? (? for menu, Esc to quit)
It was a potion of haste.
You feel yourself speed up.
The orc wizard points at you and mumbles some strange words.
The magic dart hits you!
You are very lightly contaminated with residual magic.
You hit the orc wizard.
The orc wizard is heavily wounded.
The orc wizard barely misses you.
Unknown command.
You hit the orc wizard.
The orc wizard is almost dead.
The orc wizard completely misses you.
The orc wizard mumbles some strange words.
The orc wizard flickers and vanishes!
Unknown command.
You hit the orc wizard.
The orc wizard explodes!
The fiery explosion engulfs you!
Ouch! That really hurt!
You die...

.#.#
#.....#..#
#.###....(#.#
#.........[.#
#####..o....#
#.Y{o...#
###o##### #.#
.########{#
.......@ยง{#
.......####
.#####. #. #.
#. #. #.


There were no monsters in sight!

Vanquished Creatures
  5 ogres
  A centaur (D:4)
  2 centaur skeletons (D:4)
  A giant frog skeleton (D:4)
  A worker ant (D:4)
  10 adders
  3 gnolls (D:2)
  An ooze (D:3)
  4 worms
  5 giant geckos
  An orc (D:3)
  9 giant cockroaches
  6 goblins
  10 hobgoblins
  22 jackals
  4 quokkas
  6 ball pythons
  7 bats
  13 giant newts
  21 kobolds
  7 rats
  2 plants (Sewer)
141 creatures vanquished.

Notes
Turn   | Place    | Note
--------------------------------------------------------------
     0 | Abyss:1  | Gargoyl the Demonspawn Abyssal Knight began the quest for the Orb.
     0 | Abyss:1  | Reached XP level 1. HP: 18/18 MP: 2/2
    60 | Abyss:2  | Noticed a wretched star
    61 | D:1      | Escaped the Abyss
   216 | D:1      | Reached * piety under Lugonu
   266 | D:1      | Reached skill level 1 in Dodging
   266 | D:1      | Gained mutation: You have sharp toenails. [demonic ancestry]
   266 | D:1      | Reached XP level 2. HP: 24/24 MP: 4/4
  1033 | D:1      | Gained mutation: You are surrounded by a mild repulsion field (EV +2). [demonic ancestry]
  1033 | D:1      | Reached XP level 3. HP: 24/29 MP: 5/5
  1335 | D:2      | Found a basalt altar of Yredelemnul.
  1337 | D:2      | Noticed a profane servitor
  1346 | D:2      | Found a glowing golden altar of the Shining One.
  1404 | D:2      | Gained mutation: You are immune to rotting. [demonic ancestry]
  1404 | D:2      | Reached XP level 4. HP: 28/35 MP: 6/6
  1411 | D:2      | Reached skill level 2 in Dodging
  1460 | D:2      | Reached ** piety under Lugonu
  2239 | D:2      | Reached XP level 5. HP: 25/41 MP: 7/7
  2567 | D:2      | Noticed an angel
  2968 | D:3      | Noticed an ogre
  2981 | D:3      | Killed an ogre
  2981 | D:3      | Reached skill level 3 in Dodging
  3635 | D:3      | Gained mutation: You have razor-sharp toenails. [demonic ancestry]
  3635 | D:3      | Reached XP level 6. HP: 48/48 MP: 8/8
  3676 | D:3      | Found an ancient bone altar of Kikubaaqudgha.
  3739 | D:3      | Found a glowing silver altar of Zin.
  3741 | D:3      | Found a shimmering altar of Xom.
  3889 | D:3      | Reached *** piety under Lugonu
  4114 | D:4      | Found a glowing drain.
  4123 | Sewer    | Entered a sewer
  4703 | Sewer    | Reached skill level 4 in Dodging
  5055 | D:4      | Found a bloodstained altar of Trog.
  5104 | D:4      | Reached **** piety under Lugonu
  5115 | D:4      | Reached XP level 7. HP: 36/54 MP: 9/9
  6042 | D:5      | Entered Level 5 of the Dungeon
  6068 | D:5      | Reached skill level 5 in Dodging
  6078 | D:5      | Noticed Prince Ribbit
  6102 | D:5      | Killed from afar by an orc wizard

Skill      XL: |  1  2  3  4  5  6  7 |
---------------+----------------------+-----
Axes           | 2 3 4 |  4.0
Dodging        | 1 2 3 4 5 |  5.0
Armour         | 2 3 4 |  4.1
Fighting       | 4 |  4.3
Throwing       | |  0.1
Stealth        | |  0.8
Invocations    | |  2.9

Action                   |  1- 3 |  4- 6 |  7- 9 || total
-------------------------+-------+-------+-------++-------
Melee: Hand axe          |   112 |   469 |    62 ||   643
       Kick              |     2 |       |       ||     2
Throw: Tomahawk          |       |     4 |       ||     4
Invok: Depart the Abyss  |     1 |       |       ||     1
  Use: Scroll            |       |     5 |     6 ||    11
       Potion            |       |     4 |     3 ||     7
 Stab: Sleeping          |     1 |     1 |       ||     2
  Eat: Chunk             |     2 |    13 |     3 ||    18
Armor: Steam dragon armo |    64 |    94 |    25 ||   183
Dodge: Dodged            |   121 |   345 |    65 ||   531
